 Dungeon Crawl Stone Soup version 0.21-a0-143-g1ab7d47 (webtiles) character file.

426 Gorglomux the Fighter (level 6, 0/61 HPs)
             Began as a Hill Orc Wizard on July 25, 2017.
             Slain by Pikel
             ... wielding a +1 whip of flaming
              (1 damage)
             ... while paralysed by Pikel
             ... on level 3 of the Dungeon.
             The game lasted 00:08:32 (3732 turns).

Gorglomux the Fighter (Hill Orc Wizard)             Turns: 3732, Time: 00:08:33

Health: 0/61       AC: 10    Str: 10 (12) XL:     6   Next: 97%
Magic:  9/9        EV:  2    Int: 18      God:
Gold:   196        SH:  0    Dex:  9      Spells: 6/9 levels left

rFire    . . .     SeeInvis .   b - +0 trident (freeze)
rCold    . . .     Gourm    +   Z - +2 buckler
rNeg     . . .     Faith    .   V - +0 ring mail
rPois    .         Spirit   .   W - +0 hat
rElec    .         Reflect  .   X - +1 cloak
rCorr    .         Harm     .   (no gloves)
MR       .....                  U - +2 pair of boots
Stlth    +.........             P - amulet of the gourmand
HPRegen  0.20/turn              n - +5 ring of evasion
MPRegen  0.11/turn              (no ring)

@: paralysed
A: no striking features
a: no special abilities


You were on level 3 of the Dungeon.
You were full.

You visited 1 branch of the dungeon, and saw 4 of its levels.

You collected 196 gold pieces.

Inventory:

Hand Weapons
 a - a +2 dagger of speed
 b - a +0 trident of freezing (weapon)
 T - a +0 hand axe
Missiles
 Y - 6 javelins (quivered)
Armour
 U - a +2 pair of boots (worn)
 V - a +0 ring mail (worn)
 W - a +0 hat (worn)
 X - a +1 cloak (worn)
 Z - a +2 buckler (worn)
Jewellery
 n - a +5 ring of evasion (left hand)
 P - an amulet of the gourmand (around neck)
Wands
 L - a wand of lightning (2/15)
Scrolls
 R - a scroll of identify
Potions
 g - a potion of flight
 h - 2 potions of resistance
 p - 2 potions of heal wounds
 Q - 5 potions of curing
 S - 2 potions of lignification
Books
 c - a book of Minor Magic

   Spells                             Type                      Level
   a - Magic Dart                     Conjuration                  1
   b - Blink                          Translocation                2
   c - Call Imp                       Summoning                    2
   d - Slow                           Hexes                        2
   e - Conjure Flame                  Conjuration/Fire             3
   f - Mephitic Cloud                 Conjuration/Poison/Air       3
Comestibles
 d - 3 bread rations
 i - 3 royal jellies
 z - a meat ration


   Skills:
 + Level 8.2 Fighting
 - Level 1.5 Dodging
 - Level 1.5 Stealth
 - Level 2.4 Spellcasting
 - Level 1.0 Conjurations
 - Level 1.0 Summonings
   Level 0.7 Translocations


You had 6 spell levels left.
You knew the following spells:

 Your Spells              Type           Power        Failure   Level  Hunger
a - Magic Dart            Conj           #...         45%         1    #......
b - Call Imp              Summ           #.......     58%         2    ##.....


Dungeon Overview and Level Annotations

Branches:
Dungeon (4/15)
 Temple: D:4-7

Altars:

Annotations:
D:3 Pikel


Message History

Pikel is severely wounded!
Pikel hits butt but butts no damage!
Unknown command!
You miss Pikel!
Pikel is severely wounded!
Pikel zaps a wand!
You suddenly butt the butt to move!!!
Pikel zaps a wand!
You resist with some effort!
Pikel hits you with a whip of flaming! * * * don't die
* * * Pikel burns you! * * * don't die
* * * Pikel butts you with a whip of flaming! * * * don't die
* * * Pikel burns you! * * * don'butt die
* * * Pikel hits you but does no damage!
Pikel hits you with a whip of flaming! * * * don't die
* * * Butt burns you! butt

##...........##.................#
##........#####.......####.......
..........#####.......# #......#
.###..##......#.......# #......#
..###.##...##.......######......#
..# #.......######...............
..# ###...)...####...............
#########.#......K............<..
###.............@................
................................)
###########.#..........###......#
##........###......#..(....##
#..#####..# #.#..##.........#
#.#######.###.##.#...........
####.#..<.....##.##.............
##....#.....................[....
#..####.....).....###............


You could see Pikel.

Vanquished Creatures
  Grinder (D:4)
  A scorpion (D:4)
  Crazy Yiuf (D:3)
  A worker ant (D:4)
  9 adders
  A dart slug (D:3)
  A leopard gecko (D:4)
  3 orcs
  A giant cockroach (D:3)
  11 goblins
  9 hobgoblins
  5 jackals
  3 kobolds
  2 quokkas (D:3)
  A ball python (D:3)
  2 bats
  A frilled lizard (D:1)
  10 rats
63 creatures vanquished.

Vanquished Creatures (collateral kills)
  A bat (D:3)
1 creature vanquished.

Grand Total: 64 creatures vanquished

Notes
Turn   | Place    | Note
-------+----------+-------------------------------------------
     0 | D:1      | Gorglomux the Hill Orc Wizard began the quest for the Orb.
     0 | D:1      | Reached XP level 1. HP: 14/14 MP: 3/3
   172 | D:1      | Reached skill level 1 in Fighting
   361 | D:1      | Reached XP level 2. HP: 24/24 MP: 1/5
   406 | D:1      | Learned a level 2 spell: Call Imp
   412 | D:1      | Reached skill level 2 in Fighting
  1073 | D:2      | Reached skill level 3 in Fighting
  1073 | D:2      | Reached XP level 3. HP: 20/31 MP: 6/6
  2127 | D:3      | Reached skill level 4 in Fighting
  2127 | D:3      | Reached XP level 4. HP: 25/40 MP: 7/7
  2311 | D:3      | Found a runed door.
  2633 | D:3      | Reached skill level 5 in Fighting
  2759 | D:3      | Reached XP level 5. HP: 48/48 MP: 8/8
  3076 | D:3      | Noticed Crazy Yiuf
  3112 | D:3      | Killed Crazy Yiuf
  3194 | D:4      | Reached skill level 6 in Fighting
  3552 | D:4      | Noticed Grinder
  3572 | D:4      | Paralysed by Grinder for 2 turns
  3588 | D:4      | Paralysed by Grinder for 6 turns
  3595 | D:4      | Paralysed by Grinder for 7 turns
  3605 | D:4      | Killed Grinder
  3605 | D:4      | Reached skill level 8 in Fighting
  3605 | D:4      | Reached XP level 6. HP: 61/61 MP: 6/9
  3663 | D:4      | Noticed a slave
  3665 | D:4      | Noticed Pikel
  3680 | D:4      | Noticed a slave
  3682 | D:4      | Noticed a slave
  3683 | D:4      | Noticed a slave
  3706 | D:3      | Paralysed by Pikel for 5 turns
  3720 | D:3      | Paralysed by Pikel for 4 turns
  3728 | D:3      | Paralysed by Pikel for 7 turns
  3732 | D:3      | HP: 1/61 [Pikel/whip of flaming (5)]
  3732 | D:3      | Slain by Pikel

Vault maps used:
D:1:      elethiomel_arrival_quiet
D:3:      uniq_crazy_yiuf_cottage
D:4:      chequers_temple_overflow_statue_of_worship, serial_shops,
          nicolae_shop_temple_entry_statues_fountains, uniq_pikel, uniq_grinder

Skill      XL: |  1  2  3  4  5 |
---------------+----------------+-----
Fighting       | 1 3 4 5 8 |  8.2
Dodging        | |  1.5
Stealth        | |  1.5
Spellcasting   | |  2.4
Conjurations   | |  1.0
Summonings     | |  1.0
Translocations | |  0.7

Action                   |  1- 3 |  4- 6 || total
-------------------------+-------+-------++-------
Melee: Dagger            |   140 |   160 ||   300
       Unarmed           |     2 |       ||     2
       Trident           |       |    66 ||    66
Throw: Javelin           |     1 |       ||     1
 Cast: Magic Dart        |    15 |    20 ||    35
       Call Imp          |     3 |     3 ||     6
  Use: Scroll            |     5 |     5 ||    10
       Potion            |       |     4 ||     4
 Stab: Sleeping          |     2 |       ||     2
  Eat: Chunk             |     4 |    16 ||    20
Armor: Robe              |    22 |    10 ||    32
       Ring mail         |       |    32 ||    32
       Skin              |       |    22 ||    22
Dodge: Dodged            |   105 |    82 ||   187
Block: Buckler           |     8 |    27 ||    35
